 Dungeon Crawl Stone Soup version 0.22-a0-422-g9628fc87f1 (webtiles) character file.

1321 Banto the Covert (level 8, -6/46 HPs)
             Began as an Octopode Earth Elementalist on May 22, 2018.
             Mangled by an orc warrior
             ... wielding a +0 glaive
              (23 damage)
             ... on level 6 of the Dungeon.
             The game lasted 00:08:17 (5480 turns).

Banto the Covert (Octopode Earth Elementalist)      Turns: 5480, Time: 00:08:18

Health: -6/46      AC:  1    Str:  7    XL:     8   Next: 59%
Magic:  7/11       EV: 13    Int: 20    God:
Gold:   250        SH:  0    Dex: 12    Spells: 4/11 levels left

rFire    . . .     SeeInvis .   j - +2 dagger (holy)
rCold    . . .     Gourm    .   (no shield)
rNeg     . . .     Faith    .   (helmet restricted)
rPois    +         Spirit   .   (no amulet)
rElec    .         Reflect  .   (no ring)
rCorr    .         Harm     .   p - ring of poison resistance
MR       .....                  t - ring of flight
Stlth    +++++.....             (no ring)
HPRegen  0.15/turn              (no ring)
MPRegen  0.12/turn              (no ring)
                                (no ring)
                                (no ring)

@: no status effects
A: almost no armour, stealthy swim, amphibious, 8 rings, constrict 8, camouflage
1, gelatinous body 1
a: Evoke Flight


You were on level 6 of the Dungeon.
You were not hungry.

You visited 2 branches of the dungeon, and saw 7 of its levels.

You collected 250 gold pieces.

Inventory:

Hand Weapons
 j - a +2 dagger of holy wrath (weapon)
Missiles
 b - 76 stones (quivered)
Jewellery
 h - an uncursed ring of ice
 l - an uncursed ring of ice
 p - a ring of poison resistance (right tentacle)
 t - a ring of flight (on tentacle)
Wands
 s - a wand of iceblast (12)
Scrolls
 e - a scroll of enchant weapon
 i - 5 scrolls of remove curse
 m - a scroll of enchant armour
 q - a scroll of teleportation
 r - a scroll of identify
Potions
 a - 2 potions of agility
 d - 2 potions of ambrosia {unknown}
 f - a potion of invisibility {unknown}
 g - 5 potions of brilliance {unknown}
 k - a potion of curing {unknown}
 n - 3 potions of resistance {unknown}
 o - a potion of haste {unknown}
Comestibles
 c - 6 rations
 u - a chunk of flesh


   Skills:
 - Level 2.0 Dodging
 - Level 10.0 Stealth
 - Level 2.0 Spellcasting
 + Level 2.3 Transmutations
 + Level 7.8 Earth Magic


You had 4 spell levels left.
You knew the following spells:

 Your Spells              Type           Power        Failure   Level  Hunger
a - Sandblast             Erth           ####..       1%          1    #......
b - Passwall              Tmut/Erth      ###.......   3%          2    ##.....
c - Petrify               Tmut/Erth      ###.....     19%         4    #####..

Your spell library contained the following spells:

 Spells                   Type           Power        Failure   Level  Hunger
 Stone Arrow              Conj/Erth      ###...       10%         3    ###....
 Lee's Rapid Deconstruct  Erth           ####......   17%         5    ######.


Dungeon Overview and Level Annotations

Branches:
Dungeon (6/15)             Temple (1/1) D:4

Altars:
Ashenzari
Cheibriados
Dithmenos
Fedhas
Gozag
Hepliaklqana
Kikubaaqudgha
Makhleb
Nemelex Xobeh
Okawaru
Qazlal
Ru
Trog
Xom
Zin
The Shining One


Innate Abilities, Weirdness & Mutations

You cannot wear most types of armour.
You are very stealthy in the water. (Stealth+)
You are amphibious.
You can wear up to eight rings at the same time.
You can use your tentacles to constrict eight enemies at once.
Your skin changes colour to match your surroundings (Stealth+).
Your rubbery body absorbs attacks. (AC +1, EV +1)


Message History

Casting: Sandblast (safe; 1% risk of failure)
Confirm with . or Enter, or press ? or * to list all spells.
Aiming: Sandblast (safe; 1% risk of failure)
Press: ? - help, Shift-Dir - straight line, f/p - orc wizard
Aim: an orc wizard, wielding a dagger and wearing a robe (moderately wounded)
The blast of sand hits the orc wizard.
You kill the orc wizard!
b - 76 stones The orc barely misses you.
You now have 5/11 mp.
There is an open door here.
The orc hits you with a dagger.
You take 1 damage, and have 16/46 hp.
There is an open door here.
Things that are here:
a leather armour; a short sword
There is a stone staircase leading up here.
The orc warrior hits you from afar with a glaive!!
Ouch! That really hurt!
You die...

,,,,,,,* #....#,**,*
#..#,*, ,,,,,,,*
#....#,**,######.#.#,
,,,,,,,*
#....#,**,#....<...#,
,,,,,,**
#....#,**,#.#####.##,
,,,,,,* #....#,**,#.#
*..#. *********
###....#,,,,#.# *#...
**,,,,,,*
#.'....######.# #...
,,,,,,,,*
#.#..[##......######..#
,,,,,,,,*
#.#..[@#.###...........
,,,,,****
#.##o###+###...........
,,,,,*
#.....o........#####.#.
,,,,,*
#......o.......##.o††..
,,,,,*
#......o.......##.##.#.
,,,,,*
#..............'..o..#.
,,,,,*
#..............##.#..#.
,,,,**
##)............##.#?.#.
*,,,*
#.............##.#..#.


You could see an orc warrior.

Vanquished Creatures
  Pikel (D:4)
  A phantom (D:4)
  Blork the orc (D:4)
  A bullfrog (D:6)
  2 crimson imps
  The ghost of gorpus the Magician, a weakling OpWz (D:3)
  3 hounds
  3 orc priests (D:5)
  An orc wizard (D:6)
  An iguana (D:4)
  4 worker ants
  A worker ant zombie (D:5)
  Robin (D:4)
  7 adders
  An adder skeleton (D:6)
  2 adder zombies
  2 worms (D:2)
  3 dart slugs
  4 leopard geckos
  16 orcs
  3 ball pythons
  5 giant cockroaches
  17 goblins
  7 hobgoblins
  4 jackals (D:3)
  4 kobolds
  3 quokkas
  A ball python skeleton (D:4)
  7 bats
  6 frilled lizards
  3 rats
116 creatures vanquished.

Notes
Turn   | Place    | Note
-------+----------+-------------------------------------------
     0 | D:1      | Banto the Octopode Earth Elementalist began the quest for the Orb.
     0 | D:1      | Reached XP level 1. HP: 11/11 MP: 3/3
     2 | D:1      | Noticed a formicid
     2 | D:1      | Noticed a troll
     6 | D:1      | Noticed a tengu
     6 | D:1      | Noticed a human
     8 | D:1      | Noticed a vine stalker
     8 | D:1      | Noticed an elf
    10 | D:1      | Noticed a ghoul
    10 | D:1      | Noticed a halfling
    12 | D:1      | Noticed a spriggan
    14 | D:1      | Noticed a vampire
    14 | D:1      | Noticed an ogre
    16 | D:1      | Noticed a demigod
    16 | D:1      | Noticed a minotaur
    18 | D:1      | Noticed a demonspawn
    20 | D:1      | Noticed a gargoyle
    20 | D:1      | Noticed a naga
    22 | D:1      | Noticed a merfolk
    22 | D:1      | Noticed a centaur
    24 | D:1      | Noticed a draconian
    24 | D:1      | Noticed a dwarf
    26 | D:1      | Noticed a felid
    26 | D:1      | Noticed an octopode
    90 | D:1      | Reached skill level 3 in Stealth
   354 | D:1      | Found a shattered altar of Ashenzari.
   425 | D:1      | Reached XP level 2. HP: 17/17 MP: 5/5
   893 | D:1      | Found an ancient bone altar of Kikubaaqudgha.
  1049 | D:2      | Found a snail-covered altar of Cheibriados.
  1055 | D:2      | Reached XP level 3. HP: 21/21 MP: 6/6
  1061 | D:2      | Reached skill level 4 in Stealth
  1068 | D:2      | Learned a level 2 spell: Passwall
  2031 | D:2      | Reached XP level 4. HP: 24/27 MP: 7/7
  2228 | D:3      | Noticed gorpus's ghost (weakling OpWz)
  2232 | D:3      | Killed gorpus's ghost
  2232 | D:3      | Reached skill level 5 in Stealth
  2517 | D:3      | Reached XP level 5. HP: 30/31 MP: 8/8
  2820 | D:3      | Found a blossoming altar of Fedhas.
  3035 | D:3      | You fall through a shaft for 3 floors!
  3040 | D:6      | Noticed an orc warrior
  3085 | D:5      | Entered Level 5 of the Dungeon
  3131 | D:6      | Found a hazy altar of Hepliaklqana.
  3233 | D:6      | Reached skill level 6 in Stealth
  3289 | D:5      | Found a bloodstained altar of Trog.
  3298 | D:5      | Reached skill level 5 in Earth Magic
  3324 | D:5      | Reached XP level 6. HP: 36/36 MP: 7/9
  3497 | D:4      | Noticed Blork the orc
  3575 | D:4      | Killed Blork the orc
  3575 | D:4      | Reached skill level 7 in Stealth
  3868 | D:4      | Found a glowing silver altar of Zin.
  3879 | D:4      | Reached XP level 7. HP: 41/41 MP: 7/10
  3992 | D:4      | Reached skill level 8 in Stealth
  4126 | D:4      | Found a burning altar of Makhleb.
  4203 | D:4      | Found a staircase to the Ecumenical Temple.
  4203 | D:4      | Noticed Pikel
  4220 | D:4      | Killed Pikel
  4220 | D:4      | Reached skill level 9 in Stealth
  4220 | D:4      | Reached XP level 8. HP: 24/46 MP: 3/11
  4235 | Temple   | Entered the Ecumenical Temple
  4550 | D:4      | Noticed Robin
  4575 | D:4      | Killed Robin
  4753 | D:5      | Reached skill level 10 in Stealth
  4769 | D:5      | Learned a level 4 spell: Petrify
  4770 | D:5      | Found a sacrificial altar of Ru.
  4936 | D:5      | Found a shadowy altar of Dithmenos.
  5480 | D:6      | Mangled by an orc warrior

Vault maps used:
D:1:      kb_arrival_jail, kennysheep_flooded_box, ashenzari_altar_1
D:2:      kennysheep_slug_shrine
D:3:      first_ration, interstate_on_off, fedhas_altar_4
D:4:      lemuel_round_altar, makhleb_grotto_becter,
          minmay_temple_entry_poolview, uniq_blork_the_orc, uniq_robin,
          uniq_pikel
D:5:      grunt_dithmenos_smoke_and_mirrors, lemuel_doored_altar, basic_altar
D:6:      nicolae_overflow_hidden_temple, kennysheep_mini_moat
Temple:   compressed_dpeg_triangle_lava_temple

Skill      XL: |  1  2  3  4  5  6  7  8 |
---------------+-------------------------+-----
Stealth        | 3 4 5 6 7 9 10 | 10.0
Earth Magic    | 4 5 7 |  7.8
Transmutations | 2 |  2.3
Dodging        | |  2.0
Spellcasting   | |  2.0

Action                   |  1- 3 |  4- 6 |  7- 9 || total
-------------------------+-------+-------+-------++-------
Melee: Dagger            |    66 |    43 |    55 ||   164
       Constrict         |    23 |    11 |    13 ||    47
       Club              |     6 |       |       ||     6
       Unarmed           |     5 |       |       ||     5
       Tentacles         |     9 |     6 |     9 ||    24
 Cast: Sandblast         |    15 |    25 |    38 ||    78
       Passwall          |       |     1 |     2 ||     3
  Use: Scroll            |     1 |     6 |       ||     7
 Stab: Sleeping          |    13 |    14 |     9 ||    36
       Distracted        |     1 |       |       ||     1
  Eat: Chunk             |     4 |     6 |     5 ||    15
Armor: Skin              |     7 |     3 |     2 ||    12
Dodge: Dodged            |    48 |    21 |    32 ||   101

Table legend:
 A = Spawn XP
 B = Non-spawn XP
 C = Spawn XP percentage of total XP
 D = Spawn monster count
 E = Non-spawn monster count
 F = Spawn count percentage of total count
 G = Total turns spent on level
                    A         B        C        D         E        F      G
               +---------+---------+-------+---------+---------+-------+---------
         Total |       0 |    1888 |   0.0 |       0 |     116 |   0.0 |  5480
               +---------+---------+-------+---------+---------+-------+---------
           D:1 |       0 |      31 |   0.0 |       0 |      17 |   0.0 |  1048
           D:2 |       0 |      51 |   0.0 |       0 |      24 |   0.0 |  1148
           D:3 |       0 |      95 |   0.0 |       0 |      13 |   0.0 |   872
           D:4 |       0 |    1216 |   0.0 |       0 |      31 |   0.0 |  1036
           D:5 |       0 |     285 |   0.0 |       0 |      21 |   0.0 |   817
           D:6 |       0 |     210 |   0.0 |       0 |      10 |   0.0 |   285
               +---------+---------+-------+---------+---------+-------+---------

Table legend:
 A = Turns spent in this place as a percentage of turns spent in the entire game.
 B = Non-inter-level travel turns spent in this place as a percentage of non-inter-level travel turns spent in the entire game.
 C = Inter-level travel turns spent in this place as a percentage of turns spent in this place.
 D = Turns resting spent in this place as a percentage of non-inter-level travel turns spent in this place.
 E = Turns spent auto-exploring this place as a percentage of non-inter-level travel turns spent in this place.
 F = Non-inter-level travel turns spent in this place divided by the number of levels of this place that you've seen.
                   A       B       C       D       E      F
               +-------+-------+-------+-------+-------+----------------------
         Total | 100.0 | 100.0 |   4.6 |  23.6 |  56.7 | 747.0
       Dungeon |  95.0 |  95.5 |   4.1 |  24.7 |  54.7 | 832.2
        Temple |   5.0 |   4.5 |  13.9 |   0.0 |  98.7 | 236.0
               +-------+-------+-------+-------+-------+----------------------

Table legend:
 A = Kills in this place as a percentage of kills in entire the game.
 B = Kills by you in this place as a percentage of kills by you in the entire game.
 C = Kills by friends in this place as a percentage of kills by friends in the entire game.
 D = Other kills in this place as a percentage of other kills in the entire game.
 E = Experience gained in this place as a percentage of experience gained in the entire game.
 F = Experience gained in this place divided by the number of levels of this place that you have seen.
                   A       B       C       D       E      F
               +-------+-------+-------+-------+-------+----------------------
         Total | 100.0 | 100.0 |   N/A |   N/A | 100.0 | 269.7
       Dungeon | 100.0 | 100.0 |   N/A |   N/A | 100.0 | 314.7
               +-------+-------+-------+-------+-------+----------------------
